 Dungeon Sprint DCSS version 0.30-a0-210-g01b79a254e (webtiles) character file.

Game seed: 1662003637535531926

5202 rocky1 the Severer (level 10, -1/123 HPs)
             Began as an Ogre Gladiator on Oct 5, 2022.
             Was a High Priest of Okawaru.
             Slain by a vampire (10 damage)
             ... in the Dungeon (Sprint VII: "The Pits").
             The game lasted 00:09:17 (2206 turns).

rocky1 the Severer (Ogre Gladiator)                 Turns: 2206, Time: 00:09:18

Health: -1/123     AC:  4    Str: 24    XL:     10   Next: 60%
Magic:  9/16       EV: 13    Int:  9    God:    Okawaru [*****.]
Gold:   0          SH:  0    Dex: 10    Spells: 9/9 levels left

rFire   . . .      SeeInvis .    v - +1 broad axe (freeze)
rCold   . . .      Faith    .    (no shield)
rNeg    . . .      Spirit   .    b - +0 robe
rPois   .          Reflect  .    c - +0 hat
rElec   .          Harm     .    t - +0 cloak
rCorr   .          Rampage  .    (gloves unavailable)
Will    +....      NoTele   +    (boots unavailable)
Stlth   +.........               (no amulet)
HPRegen 0.40/turn                (no ring)
MPRegen 0.15/turn                (no ring)

@: finesse-ful, on berserk cooldown, hasted, invisible, very quick
A: large, unfitting armour, tough skin 1
a: Renounce Religion, Heroism, Finesse


You were in the Dungeon.
You worshipped Okawaru.
Okawaru was extremely pleased with you.
You visited 1 branch

Inventory:

Hand Weapons
 a - a +0 war axe
 n - a +2 hand axe of freezing
 u - a +2 vorpal morningstar
 v - a +1 broad axe of freezing (weapon)
 w - a +0 lajatang of electrocution
 x - a +0 giant club
 z - a +0 giant spiked club
Missiles
 d - 3 throwing nets (quivered)
 e - a large rock
 o - 2 poisoned darts
 y - 3 atropa-tipped darts
Armour
 b - a +0 robe (worn)
 c - a +0 hat (worn)
 t - a +0 cloak (worn)
Jewellery
 p - a +3 ring of evasion
 q - a +3 ring of protection
Scrolls
 k - a scroll of blinking
 m - 5 scrolls of amnesia
Potions
 f - 6 potions of curing
 g - 3 potions of heal wounds
 i - 4 potions of magic
 r - 4 potions of brilliance
 s - a potion of mutation


   Skills:
 + Level 14.7 Fighting
 * Level 15.9 Axes
 + Level 8.4 Throwing
 + Level 10.8 Dodging
 - Level 8.0 Invocations


You had 9 spell levels left.
You didn't know any spells.
Your spell library was empty.

Dungeon Overview and Level Annotations

Branches:
Dungeon (1/1)

Altars:
Ashenzari
Cheibriados
Dithmenos
Elyvilon
Fedhas
Gozag
Hepliaklqana
Kikubaaqudgha
Makhleb
Nemelex Xobeh
Okawaru
Qazlal
Ru
Sif Muna
Trog
Uskayaw
Vehumet
Wu Jian
Xom
Yredelemnul
Zin
The Shining One
Jiyva
Lugonu


Innate Abilities, Weirdness & Mutations

You are too large for most types of armour.
You have tough skin. (AC +1)


Message History

You slice the flayed ghost!! You freeze the flayed ghost.
The flayed ghost is heavily damaged.
The ynoxinul gestures.
You slice the flayed ghost!! You freeze the flayed ghost!
You destroy the flayed ghost!
Okawaru is honoured by your kill.
Unknown command.
The ufetubus shouts!
You slice the wolf!! You freeze the wolf.
The wolf is almost dead.
The wolf bites you but does no damage.
You slice the wolf!! You freeze the wolf.
You kill the wolf!
Okawaru accepts your kill.
A gnoll comes into view. It is wielding a +0 flail.
You slash the gnoll! You freeze the gnoll.
You kill the gnoll!
Okawaru accepts your kill.
You hit something.
You feel yourself speed up. Something hits you but does no damage.
Something bites you.
Something draws strength from your injuries!
You hit something. You barely miss something. Something hits you.
* * * LOW HITPOINT WARNING * * *
Something bites you.
* * * LOW HITPOINT WARNING * * *
Something draws strength from your injuries!
You hit something. You hit something. You freeze something.
You closely miss something. Something hits you.
* * * LOW HITPOINT WARNING * * *
Something bites you!
* * * LOW HITPOINT WARNING * * *
Something draws strength from your injuries!
You barely miss something. You closely miss something.
Your punch misses something. Something hits you!
* * * LOW HITPOINT WARNING * * *
Something bites you!
You die...

............#
..#..#......#
............+
............+
..#).#......#
...)........#
#####''######
...##''##############
...##......#..)'@)55#
...##....###..)###55.#
...##...##.+...+
#55...#
...##..##..##†##
#...##
...##.†#..##...## .3.#
...##..#..#.....# ..#
#####..'..'.....+ .'.
#####..#..#.....# .#.
.[[##..#..##†..##


You could see a ynoxinul (unable to see you) and 6 ufetubi.

Vanquished Creatures
  A two-headed ogre (D)
  A flayed ghost (D)
  An orc knight (D)
  A deep elf pyromancer (D)
  A cane toad (D)
  A smoke demon (D)
  A molten gargoyle (D)
  A komodo dragon (D)
  A guardian mummy (D)
  A hornet (D)
  A flying skull (D)
  A steam dragon (D)
  Menkaure (D)
  A warg (D)
  An ice beast (D)
  A swamp drake (D)
  An orc warrior (D)
  2 black bears (D)
  A centaur (D)
  An ogre (D)
  4 wolves (D)
  A kobold brigand (D)
  A bullfrog (D)
  A necrophage (D)
  A quasit (D)
  2 gnolls (D)
  2 ufetubi (D)
  4 orcs (D)
  A bat skeleton (D)
  An endoplasm (D)
  2 giant cockroaches (D)
  A goblin (D)
  6 jackals (D)
  2 frilled lizards (D)
  A jackal skeleton (D)
  2 rats (D)
53 creatures vanquished.

Notes
Turn   | Place    | Note
-------+----------+-------------------------------------------
     0 | D        | rocky1 the Ogre Gladiator began the quest for the Orb.
     0 | D        | Reached XP level 1. HP: 22/22 MP: 1/1
    27 | D        | Found a bloodstained altar of Trog.
    27 | D        | Found a shimmering blue altar of Sif Muna.
    27 | D        | Found a viscous altar of Jiyva.
    27 | D        | Found a hazy altar of Hepliaklqana.
    27 | D        | Found an opulent altar of Gozag.
    28 | D        | Found a glowing golden altar of the Shining One.
    28 | D        | Found a glowing silver altar of Zin.
    28 | D        | Found a basalt altar of Yredelemnul.
    28 | D        | Found a shimmering altar of Xom.
    28 | D        | Found an ornate altar of the Wu Jian Council.
    28 | D        | Found a sacrificial altar of Ru.
    28 | D        | Found a stormy altar of Qazlal.
    28 | D        | Found an iron altar of Okawaru.
    28 | D        | Found a sparkling altar of Nemelex Xobeh.
    28 | D        | Found a burning altar of Makhleb.
    28 | D        | Found a blossoming altar of Fedhas.
    28 | D        | Found a white marble altar of Elyvilon.
    28 | D        | Found a shadowy altar of Dithmenos.
    28 | D        | Found a snail-covered altar of Cheibriados.
    31 | D        | Found a corrupted altar of Lugonu.
    31 | D        | Found a radiant altar of Vehumet.
    32 | D        | Found an ancient bone altar of Kikubaaqudgha.
    32 | D        | Found a hide-covered altar of Uskayaw.
    32 | D        | Found a broken altar of Ashenzari.
    36 | D        | Became a worshipper of Warmaster Okawaru
   195 | D        | Reached skill level 1 in Invocations
   200 | D        | Reached XP level 2. HP: 24/31 MP: 2/2
   208 | D        | Reached skill level 4 in Axes
   302 | D        | Noticed a kobold brigand
   302 | D        | Noticed Menkaure
   325 | D        | Reached XP level 3. HP: 25/40 MP: 4/4
   330 | D        | Killed Menkaure
   331 | D        | Reached skill level 7 in Axes
   331 | D        | Reached skill level 5 in Dodging
   331 | D        | Reached XP level 4. HP: 24/53 MP: 4/7
   331 | D        | Reached XP level 5. HP: 27/61 MP: 4/8
   453 | D        | Noticed an ice beast
   473 | D        | Killed an ice beast
   473 | D        | Reached * piety under Okawaru
   474 | D        | Reached skill level 8 in Axes
   474 | D        | Reached skill level 5 in Invocations
   474 | D        | Reached XP level 6. HP: 43/71 MP: 8/10
   491 | D        | Noticed a black bear
   494 | D        | Reached skill level 9 in Axes
   495 | D        | Killed a black bear
   496 | D        | Reached XP level 7. HP: 28/83 MP: 8/12
   693 | D        | Noticed a molten gargoyle
   705 | D        | Killed a molten gargoyle
   705 | D        | Reached ** piety under Okawaru
   706 | D        | Reached skill level 10 in Fighting
   706 | D        | Reached skill level 11 in Axes
   869 | D        | Noticed a warg
   880 | D        | Reached XP level 8. HP: 86/94 MP: 14/14
  1053 | D        | Noticed a flying skull
  1053 | D        | Noticed a hornet
  1059 | D        | Killed a flying skull
  1060 | D        | Reached skill level 12 in Axes
  1064 | D        | Killed a hornet
  1174 | D        | Noticed a two-headed ogre
  1183 | D        | Reached *** piety under Okawaru
  1186 | D        | Killed a two-headed ogre
  1186 | D        | Reached **** piety under Okawaru
  1187 | D        | Reached skill level 13 in Axes
  1187 | D        | Reached skill level 5 in Throwing
  1187 | D        | Reached XP level 9. HP: 33/107 MP: 15/15
  1500 | D        | Noticed a komodo dragon
  1501 | D        | Noticed a deep elf pyromancer
  1718 | D        | Killed a komodo dragon
  1752 | D        | Killed a deep elf pyromancer
  1753 | D        | Reached skill level 14 in Axes
  1790 | D        | Noticed a cane toad
  1795 | D        | Killed a cane toad
  1795 | D        | Received a gift from Okawaru
  1801 | D        | Noticed a guardian mummy
  1806 | D        | Killed a guardian mummy
  1946 | D        | Reached XP level 10. HP: 82/119 MP: 16/16
  2056 | D        | Reached skill level 10 in Dodging
  2140 | D        | Noticed a flayed ghost
  2151 | D        | Noticed an orc knight
  2151 | D        | Noticed a smoke demon
  2164 | D        | Killed an orc knight
  2165 | D        | Reached skill level 15 in Axes
  2171 | D        | HP: 4/122 [smoke demon/divine providence (11)]
  2179 | D        | Killed a smoke demon
  2186 | D        | Reached ***** piety under Okawaru
  2190 | D        | HP: 1/123 [flayed ghost (26)]
  2195 | D        | Killed a flayed ghost
  2206 | D        | Slain by a vampire

Illustrated notes

Levels and vault maps discovered:
D:        pitsprint [storerooms_1, entrance_room_1, metal_vault_6, armoury_1,
          mini_pit_1, grid_room_1, main_hall_1, silver_pit, the_coven_1,
          the_vestibule_1, steel_vault_1, golden_pit, hallway_of_sentries,
          crystal_vault_1, iron_vault_4, final_vault]

Skill      XL: |  1  2  3  4  5  6  7  8  9 10 |
---------------+-------------------------------+-----
Fighting       | 3 4 6 7 9 10 12 13 14 | 14.7
Dodging        | 3 5 6 7 9 10 | 10.8
Invocations    | 1 2 4 5 7 8 |  8.0
Axes           | 4 7 8 9 11 13 14 15 | 15.9
Throwing       | 5 6 8 |  8.4

Action                   |  1- 3 |  4- 6 |  7- 9 | 10-12 || total
-------------------------+-------+-------+-------+-------++-------
Melee: War axe           |    59 |    34 |    41 |       ||   134
       Broad axe         |       |       |    25 |    54 ||    79
Throw: Throwing net      |       |       |     6 |       ||     6
Invok: Heroism           |       |     1 |     1 |     1 ||     3
       Finesse           |       |       |       |     2 ||     2
  Use: Potion            |     1 |     3 |     2 |     9 ||    15
 Stab: Invisible         |       |       |       |     1 ||     1
Armor: Robe              |    23 |     4 |    18 |    16 ||    61
Dodge: Dodged            |    48 |    19 |    41 |    27 ||   135

Table legend: (Time is in decaauts)
 A = Elapsed time spent in this place.
 B = Non-inter-level travel time spent in this place.
 C = Inter-level travel time spent in this place.
 D = Time resting spent in this place.
 E = Time spent auto-exploring this place.
 F = Levels seen in this place.
 G = Mean time per level.
                   A        B        C        D        E       F      G
               +--------+--------+--------+--------+--------+-----+--------+
         Total |   2212 |   2152 |     60 |   1468 |      0 |   1 | 2212.0 |
       Dungeon |   2212 |   2152 |     60 |   1468 |      0 |   1 | 2212.0 |
               +--------+--------+--------+--------+--------+-----+--------+

Top non-repeatable levels by time:
       D: 2212 daAuts
